 Dungeon Crawl Stone Soup version 0.29-a0-344-ge2f44be95a (webtiles) character file.

Game seed: 9499130891197383652

81028 freelancePsychic the Warrior (level 14, -6/136 HPs)
             Began as a Black Draconian Monk on Apr 21, 2022.
             Was the Champion of Jiyva.
             Killed from afar by a rakshasa (illusionary) (16 damage)
             ... with a lance of force
             ... on level 14 of the Dungeon.
             The game lasted 00:37:37 (18197 turns).

freelancePsychic the Warrior (DrMo)                Turns: 18197, Time: 00:37:38

Health: -6/136     AC: 18    Str: 14    XL:     14   Next: 85%
Magic:  21/21      EV: 19    Int: 19    God:    Jiyva [******]
Gold:   910        SH:  0    Dex: 22    Spells: 1/23 levels left

rFire   . . .      SeeInvis .   H - +6 quick blade
rCold   + + +      Faith    .   (no shield)
rNeg    . . .      Spirit   .   (body armour unavailable)
rPois   +          Reflect  .   e - +2 hat
rElec   +          Harm     .   y - +1 cloak
rCorr   +          Rampage  .   o - +2 pair of gloves {Dex+3}
Will    ++...      Clarity  +   (no boots)
Stlth   ++........              k - amulet of regeneration
HPRegen 2.72/turn               u - ring "Lawk" {rC+ Will+ Dex+3}
MPRegen 0.67/turn               c - ring of the Amoeba {rPois Int+6}

@: on berserk cooldown, flying, slowed, very slow
A: breathe lightning, AC +8, unfitting armour, big wings, electricity
resistance, cold-blooded, claws 1, clarity, cold resistance 1, sense
surroundings 3, shaggy fur 3, acidic bite, jelly absorbing missiles, MP-powered
wands, engulf
}: 1/15 runes: slimy
a: Breathe Lightning, Renounce Religion, Oozemancy, Slimify


You were on level 14 of the Dungeon.
You worshipped Jiyva.
Jiyva was exalted by your worship.
You visited 4 branches of the dungeon, and saw 27 of its levels.
You also visited: Bailey.

You collected 2548 gold pieces.
You spent 1638 gold pieces at shops.

Inventory:

Hand Weapons
 a - a +4 dagger of pain
 b - the +11 plutonium sword {Contam Stlth-}
   (You found it on level 5 of the Pits of Slime)

   It occasionally inflicts wild transmutation effects on those it strikes,
   inflicting malmutation or extra damage, or polymorphing them into a new form.
   Contam:    It causes magical contamination when unequipped.
   Stlth:     It makes you less stealthy.
 H - a +6 quick blade (weapon)
Missiles
 w - a throwing net (quivered)
Armour
 e - a +2 hat (worn)
 f - a +2 kite shield
 o - a +2 pair of gloves of dexterity (worn)
 y - a +1 cloak (worn)
Jewellery
 c - the ring of the Amoeba (right hand) {rPois Int+6}
   (You acquired it on level 5 of the Dungeon)

   [ring of intelligence]

   Int:       It affects your intelligence (+6).
   rPois:     It protects you from poison.
 k - an amulet of regeneration (around neck)
 u - the ring "Lawk" (left hand) {rC+ Will+ Dex+3}
   (You bought it in a shop on level 2 of the Orcish Mines)

   [ring of protection from cold]

   Dex:       It affects your dexterity (+3).
   rC:        It protects you from cold.
   Will:      It increases your willpower.
 D - a ring of flight
 F - the amulet "Nuxkiex" {Acrobat Int+4}
   (You found it on level 5 of the Pits of Slime)

   [amulet of the acrobat]

   It increases your evasion while moving and waiting.
   Int:       It affects your intelligence (+4).
 G - the amulet of the Air {Inacc Air Fly rElec RMsl}
   (You found it on level 5 of the Pits of Slime)

   [amulet of nothing]

   It reduces the accuracy of all your attacks.
   It enhances your air magic.
   rElec:     It insulates you from electricity.
   Fly:       It grants you flight.
   RMsl:      It protects you from missiles.
 I - the amulet of the Amoeba {RegenMP Stlth+}
   (You found it on level 5 of the Pits of Slime)

   [amulet of magic regeneration]

   It increases your rate of magic regeneration.
   Stlth:     It makes you more stealthy.
Wands
 g - a wand of acid (7)
 C - a wand of flame (11)
Scrolls
 p - 6 scrolls of teleportation {@r4}
 s - a scroll of vulnerability
 t - a scroll of immolation
 A - 2 scrolls of fog
 E - 2 scrolls of magic mapping
 J - a scroll of amnesia
 K - a scroll of silence
Potions
 d - a potion of resistance
 j - 8 potions of curing {@q1}
 l - 3 potions of invisibility
 m - 3 potions of might {unknown}
 n - a potion of cancellation
 q - a potion of mutation {unknown}
 r - 3 potions of haste {unknown}
 v - 3 potions of lignification {unknown}
 x - 2 potions of flight {unknown}
 z - 4 potions of ambrosia
 B - a potion of heal wounds {@q2}


   Skills:
 - Level 15.9 Fighting
 - Level 10.0(10.6) Short Blades
 - Level 5.9(8.7) Long Blades
 - Level 9.7 Dodging
 - Level 1.7 Stealth
 - Level 5.0 Spellcasting
 - Level 13.6 Necromancy
 + Level 4.5 Translocations
 * Level 7.3 Transmutations


You had one spell level left.
You knew the following spells:

 Your Spells              Type           Power      Damage    Failure   Level
a - Dispel Undead         Necr           54%        3d20      1%          4
b - Death Channel         Necr           27%        N/A       7%          6
c - Manifold Assault      Tloc           21%        N/A       47%         5
d - Dragon Form           Tmut           16%        N/A       99%         7

Your spell library contained the following spells:

 Spells                   Type           Power      Damage    Failure   Level
 Apportation              Tloc           42%        N/A       1%          1
 Foxfire                  Conj/Fire      16%        2x1d4     12%         1
 Magic Dart               Conj           16%        1d3       12%         1
 Sandblast                Erth           8%         2d5       12%         1
 Corpse Rot               Necr/Air       60%        N/A       1%          2
 Agony                    Necr           54%        N/A       1%          5
 Anguish                  Hex/Necr       15%        N/A       8%          4
 Spider Form              Tmut/Pois      18%        N/A       9%          3
 Ignite Poison            Fire/Tmut/Pois 14%        N/A       14%         3
 Call Imp                 Summ           4%         N/A       19%         2
 Ensorcelled Hibernation  Hex/Ice        8%         N/A       19%         2
 Ice Form                 Ice/Tmut       18%        N/A       26%         4
 Dazzling Flash           Conj/Hex       8%         N/A       36%         3
 Frozen Ramparts          Ice            8%         1d2       36%         3
 Mephitic Cloud           Conj/Pois/Air  4%         N/A       36%         3
 Stone Arrow              Conj/Erth      8%         3d7       36%         3
 Tukima's Dance           Hex            4%         N/A       36%         3
 Alistair's Intoxication  Tmut/Pois      12%        N/A       58%         5
 Simulacrum               Ice/Necr       15%        N/A       75%         6
 Hailstorm                Conj/Ice       4%         3d4       77%         4
 Summon Ice Beast         Ice/Summ       4%         N/A       77%         4
 Silence                  Hex/Air        2%         N/A       98%         5
 Conjure Ball Lightning   Conj/Air       2%         3x3d6     100%        6
 Starburst                Conj/Fire      2%         6d3       100%        6
 Enfeeble                 Hex            2%         N/A       100%        7
 Orb of Destruction       Conj           2%         9d5       100%        7
 Necromutation            Tmut/Necr      22%        N/A       100%        8
 Shatter                  Erth           2%         3d6*      100%        9


Dungeon Overview and Level Annotations

Branches:
Dungeon (14/15)            Temple (0/1) D:7            Lair (6/6) D:8
  Swamp (0/4) Lair:3        Snake (0/4) Lair:3        Slime (5/5) Lair:5
    Orc (2/2) D:11            Elf (0/3) Orc:2        Bailey (visited)
 Vaults: D:13-14

Altars:
Cheibriados
Gozag
Hepliaklqana
Kikubaaqudgha
Vehumet
Beogh
Jiyva

Shops:
D:13 (   Orc:2 ![=?(

Portals:
Abyss: D:6

Annotations:
D:3 3 runed translucent doors, Thatotherguy's ghost, amateur FoFi
D:6 2 transporters, spaghetti's ghost, novice DgHu
D:9 3 runed translucent doors, spaghetti's ghost, journeyman OgFi
Lair:4 exclusion: oklob plant
Slime:5 Royal Jelly


Innate Abilities, Weirdness & Mutations

You can breathe wild blasts of lightning.
Your glossy black scales are hard. (AC +8)
You cannot fit into any form of body armour.
Your large and strong wings let you fly.
You are resistant to electric shocks. (rElec)
You are cold-blooded and may be slowed by cold attacks.
You have sharp fingernails.
You possess an exceptional clarity of mind.
Your flesh is cold resistant. (rC+)
You passively map a large area around you.
Your thick and shaggy fur keeps you warm. (AC +3, rC+)
You have acidic saliva.
You have a small jelly attached to you that may absorb projectiles.
You expend magic power (3 MP) to strengthen your wands.
Your melee attacks may engulf your foes in ooze.


Message History

The rakshasa gestures at your spectral rakshasa.
The lance of force hits your spectral rakshasa!!
Your spectral rakshasa is knocked back by the lance of force.
You swap places.
The rakshasa attacks as you move away! The rakshasa barely misses you.
Your spectral rakshasa hits the rakshasa but does no damage.
The rakshasa closely misses you. x3
Your spectral rakshasa misses the rakshasa.
The rakshasa barely misses you.
The rakshasa hits you from afar with a +2 trident of venom.
* * * LOW HITPOINT WARNING * * *
Your spectral rakshasa barely misses the rakshasa.
Your spectral rakshasa hits the rakshasa but does no damage.
The rakshasa closely misses you. The rakshasa barely misses you.
The rakshasa hits you but does no damage.
The rakshasa hits your spectral rakshasa with a +0 long sword!
You strike the helpless rakshasa from behind!
You puncture the rakshasa!
You kill the rakshasa!
The rakshasa shimmers and vanishes!
Your spectral rakshasa hits the rakshasa! x2
Your unholy channel expires.
Your spectral rakshasa fades into mist! x2
The rakshasa gestures at you. The lance of force misses you.
The lance of force hits the rakshasa!
The rakshasa dies!
The rakshasa shimmers and vanishes!
The rakshasa gestures at you. The lance of force misses you.
The rakshasa blinks!
The rakshasa misses you.
The rakshasa hits you with a +0 long sword!
* * * LOW HITPOINT WARNING * * *
There is a stone staircase leading up, spattered with blood here.
The rakshasa hits you with a +2 trident of venom!
* * * LOW HITPOINT WARNING * * *
The rakshasa hits you with a +0 long sword!
* * * LOW HITPOINT WARNING * * *
The rakshasa hits you but does no damage.
The rakshasa gestures at you. The lance of force hits you!
You die...

, , , * ,, < * ,,,
, , , * , ,, , + *
* , , * * *
#################
*#8.........)...8#
* ,*
#.........)...## *
* * #....R........#
, ,+.....R@R.....+,
, , #.......R.....#
* , ,
#.........ยง...# ,
, #8.............8#
* * ,, ,
,#################,
* , , , *,* *,,, ,
,,,, ,* * * * , *
*, , *,**


You could see 4 rakshasas.

Vanquished Creatures
  The ghost of avis the Brawler, a journeyman HOMo of Beogh (Lair:5)
  A dire elephant (Lair:6)
  2 hydras
  2 rakshasas (D:14)
  An ogre mage (Orc:2)
  Erolcha (Orc:2)
  3 boulder beetles
  A two-headed ogre (D:12)
  3 centaur warriors (D:13)
  A catoblepas (Lair:6)
  12 death yaks
  A fire crab (Lair:6)
  A bog body (Lair:3)
  A phantasmal warrior (D:13)
  A lindwurm (Lair:6)
  8 orc sorcerers (Orc:2)
  Pikel (D:7)
  4 cyclopes
  2 ugly things (D:13)
  3 orc knights
  2 manticores (D:13)
  4 elephants (Lair:6)
  Joseph (D:8)
  4 black mambas (Lair:6)
  3 torpor snails
  14 cane toads
  4 rime drakes
  3 komodo dragons
  5 trolls
  11 blink frogs
  A hornet (D:8)
  7 dream sheep
  4 wraiths
  6 wyverns
  26 yaks
  2 basilisks
  4 vampire mosquitoes (D:13)
  3 wargs (Orc:2)
  A spectral cane toad (Lair:6)
  3 swamp worms (Lair:3)
  Duvessa (D:4)
  8 water moccasins
  26 orc warriors
  10 ogres
  4 centaurs
  A kobold brigand (D:9)
  16 bullfrogs
  A gnoll sergeant (D:11)
  2 necrophages
  A scorpion (D:5)
  4 wights (D:10)
  2 cane toad simulacra (Lair:6)
  Dowan (D:4)
  9 killer bees
  2 electric eels (Lair:3)
  A vampire bat (Lair:3)
  4 howler monkeys
  3 hounds
  12 orc priests
  A gnoll shaman (D:7)
  32 orc wizards
  2 iguanas
  3 adders
  13 gnolls
  2 shadow imps
  3 white imps
  An ufetubus (D:4)
  3 worms
  4 dart slugs
  73 orcs
  2 endoplasms (D:1)
  24 goblins
  12 hobgoblins
  9 kobolds
  4 quokkas
  5 ball pythons
  9 bats
  3 frilled lizards (D:1)
  A rat (D:1)
472 creatures vanquished.

Vanquished Creatures (collateral kills)
  An orc warlord (Bailey)
  An ettin (Orc:2)
  An ogre mage (D:12)
  2 two-headed ogres
  A death knight (D:13)
  4 death yaks (Lair:6)
  4 orc knights
  A cyclops (D:12)
  2 manticores (Lair:6)
  3 elephants (Lair:6)
  2 blink frogs (Lair:6)
  5 dream sheep (Lair:6)
  3 wyverns
  7 yaks
  2 water moccasins
  2 orc warriors (Bailey)
  An ogre (D:12)
  A bullfrog (Lair:4)
43 creatures vanquished.

Vanquished Creatures (others)
  A two-headed ogre (D:12)
  An orc sorcerer (Orc:2)
  6 slime creatures (D:12)
  Menkaure (D:4)
  An acid dragon (D:12)
  3 water moccasins
  An ice beast (D:3)
  2 ogres (D:12)
  The ghost of Heh the Skirmisher, an amateur OpFi (D:3)
  3 bullfrogs
  2 howler monkeys
  47 jellies
  An orc priest (D:12)
  2 orc wizards
  2 adders (D:2)
  A worm (D:2)
  3 endoplasms
  9 orcs
  2 goblins
  3 hobgoblins
  A frilled lizard (D:2)
  105 fungi
  84 plants
282 creatures vanquished.

Grand Total: 797 creatures vanquished

Notes
Turn   | Place    | Note
-------+----------+-------------------------------------------
     0 | D:1      | freelancePsychic the Draconian Monk began the quest for the
                  | Orb.
     0 | D:1      | Reached XP level 1. HP: 19/19 MP: 1/1
   476 | D:1      | Reached XP level 2. HP: 26/26 MP: 2/2
   512 | D:1      | Found a faded altar of an unknown god.
   651 | D:1      | Prayed at the altar of an unknown god.
   651 | D:1      | Became a worshipper of Jiyva Joweaph the Shapeless
   651 | D:1      | Reached * piety under Jiyva
   651 | D:1      | Reached ** piety under Jiyva
   899 | D:2      | Reached *** piety under Jiyva
   997 | D:2      | Reached skill level 1 in Necromancy
  1012 | D:2      | Gained mutation: Your flesh is heat resistant. (rF+)
                  | [Jiyva's grace]
  1012 | D:2      | Gained mutation: Your flesh is very heat resistant. (rF++)
                  | [Jiyva's grace]
  1012 | D:2      | Gained mutation: Your flesh is almost immune to the effects
                  | of heat. (rF+++) [Jiyva's grace]
  1012 | D:2      | Gained mutation: Your rubbery body absorbs attacks. (AC +1,
                  | EV +1) [Jiyva's grace]
  1201 | D:2      | Reached XP level 3. HP: 30/33 MP: 3/3
  1355 | D:2      | Reached skill level 4 in Fighting
  1467 | D:2      | Reached **** piety under Jiyva
  1549 | D:3      | Noticed an ice beast
  1563 | D:3      | Reached XP level 4. HP: 40/40 MP: 4/4
  1710 | D:3      | Found a runed translucent gate.
  1774 | D:3      | Killed Heh's ghost
  1945 | D:3      | Found a runed translucent gate.
  1945 | D:3      | Found a runed translucent gate.
  1947 | D:3      | Noticed Thatotherguy's ghost (amateur FoFi)
  2032 | D:3      | Killed an ice beast
  2116 | D:3      | Reached XP level 5. HP: 13/47 MP: 5/5
  2230 | D:4      | Identified a scroll of acquirement
  2230 | D:4      | Acquired a +2 pair of gloves of dexterity
  2276 | D:4      | Noticed Duvessa
  2290 | D:4      | Noticed Dowan
  2311 | D:4      | Killed Duvessa
  2312 | D:4      | Reached skill level 5 in Fighting
  2312 | D:4      | Reached XP level 6. HP: 35/56 MP: 6/6
  2326 | D:4      | Killed Dowan
  2384 | D:4      | Found a hazy altar of Hepliaklqana.
  2537 | D:4      | Killed Menkaure
  2772 | D:5      | Entered Level 5 of the Dungeon
  2773 | D:5      | Reached ***** piety under Jiyva
  2783 | D:5      | Reached skill level 5 in Short Blades
  2863 | D:5      | Killed a water moccasin
  3180 | D:5      | Noticed Edmund
  3196 | D:5      | Slimified Edmund
  3196 | D:5      | Noticed Edmund
  3196 | D:5      | Edmund changed into Edmund the slime creature
  3262 | D:5      | Found a snail-covered altar of Cheibriados.
  3346 | D:5      | Lost mutation: Your flesh is almost immune to the effects
                  | of heat. (rF+++) [Jiyva's grace]
  3346 | D:5      | Lost mutation: Your flesh is very heat resistant. (rF++)
                  | [Jiyva's grace]
  3346 | D:5      | Gained mutation: Your translucent skin slightly reduces
                  | your foes' accuracy. (Stealth+) [Jiyva's grace]
  3346 | D:5      | Gained mutation: Your translucent skin reduces your foes'
                  | accuracy. (Stealth+) [Jiyva's grace]
  3346 | D:5      | Gained mutation: Your transparent skin significantly
                  | reduces your foes' accuracy. (Stealth+) [Jiyva's grace]
  3346 | D:5      | Gained mutation: You are strong-willed. (Will+) [Jiyva's
                  | grace]
  3520 | D:5      | Your scales start taking on a glossy black colour.
  3520 | D:5      | Reached XP level 7. HP: 62/62 MP: 7/7
  3520 | D:5      | Gained mutation: You are resistant to electric shocks.
                  | (rElec) [Black Draconian growth]
  3520 | D:5      | Acquired the ring of the Amoeba {rPois Int+6}
  3715 | D:6      | Reached skill level 6 in Fighting
  3873 | D:6      | Found a transporter.
  3880 | D:6      | Found a one-way gate to the infinite horrors of the Abyss.
  3880 | D:6      | Noticed spaghetti's ghost (novice DgHu)
  3897 | D:6      | Found a transporter.
  4454 | D:7      | Reached skill level 5 in Necromancy
  4454 | D:7      | Reached XP level 8. HP: 68/71 MP: 8/8
  4581 | D:7      | Reached skill level 7 in Fighting
  4685 | D:7      | Noticed Pikel
  4707 | D:7      | Killed Pikel
  4708 | D:7      | Reached skill level 8 in Fighting
  4750 | D:7      | Found a staircase to the Ecumenical Temple.
  5170 | D:8      | Reached XP level 9. HP: 81/81 MP: 9/9
  5372 | D:8      | Lost mutation: Your transparent skin significantly reduces
                  | your foes' accuracy. (Stealth+) [Jiyva's grace]
  5372 | D:8      | Lost mutation: Your translucent skin reduces your foes'
                  | accuracy. (Stealth+) [Jiyva's grace]
  5372 | D:8      | Gained mutation: Armour fits poorly on your pseudopods.
                  | [Jiyva's grace]
  5372 | D:8      | Gained mutation: Armour fits poorly on your large
                  | pseudopods. [Jiyva's grace]
  5372 | D:8      | Gained mutation: Armour fits poorly on your massive
                  | pseudopods. [Jiyva's grace]
  5372 | D:8      | Gained mutation: You expend magic power (3 MP) to
                  | strengthen your wands. [Jiyva's grace]
  5406 | D:8      | Found a staircase to the Lair.
  5415 | D:8      | Noticed Joseph
  5445 | D:8      | Killed Joseph
  5576 | D:8      | Reached skill level 9 in Fighting
  5591 | D:8      | Reached ****** piety under Jiyva
  5871 | D:8      | Found an opulent altar of Gozag.
  5873 | D:8      | Found a radiant altar of Vehumet.
  6018 | D:9      | Found a runed translucent gate.
  6018 | D:9      | Found a runed translucent gate.
  6018 | D:9      | Found a runed translucent gate.
  6019 | D:9      | Noticed a nine-headed hydra
  6021 | D:9      | Noticed spaghetti's ghost (journeyman OgFi)
  6190 | D:9      | Reached XP level 10. HP: 74/93 MP: 10/10
  6206 | D:9      | Found a flagged portal.
  6226 | Bailey   | Entered a bailey
  6282 | Bailey   | Reached skill level 10 in Fighting
  6308 | Bailey   | Noticed an orc knight
  6321 | Bailey   | Lost mutation: Your rubbery body absorbs attacks. (AC +1,
                  | EV +1) [Jiyva's grace]
  6321 | Bailey   | Lost mutation: You expend magic power (3 MP) to strengthen
                  | your wands. [Jiyva's grace]
  6321 | Bailey   | Gained mutation: You are agile. (Dex +2) [Jiyva's grace]
  6321 | Bailey   | Gained mutation: You are very agile. (Dex +4) [Jiyva's
                  | grace]
  6321 | Bailey   | Gained mutation: You have acidic saliva. [Jiyva's grace]
  6321 | Bailey   | Gained mutation: Your flesh is cold resistant. (rC+)
                  | [Jiyva's grace]
  6321 | Bailey   | Killed an orc knight
  6346 | Bailey   | Noticed an orc knight
  6346 | Bailey   | Noticed an orc warlord
  6346 | Bailey   | Noticed an orc knight
  6347 | Bailey   | Noticed an orc knight
  6355 | Bailey   | Killed an orc knight
  6363 | Bailey   | Killed an orc warlord
  6364 | Bailey   | Killed an orc knight
  6365 | Bailey   | Reached skill level 11 in Fighting
  6365 | Bailey   | Reached skill level 10 in Short Blades
  6370 | Bailey   | Killed an orc knight
  6385 | Bailey   | Identified the +4 robe "Petus" {Will+ Int+6}
  7141 | D:10     | Entered Level 10 of the Dungeon
  7149 | D:10     | Reached skill level 10 in Necromancy
  7283 | D:10     | Reached XP level 11. HP: 97/97 MP: 11/11
  7487 | D:10     | Got the Disquisition on Conjuration and Ignition
  7620 | D:10     | Lost mutation: You have acidic saliva. [Jiyva's grace]
  7620 | D:10     | Gained mutation: Your mind is acute. (Int +2) [Jiyva's
                  | grace]
  7620 | D:10     | Gained mutation: Your mind is very acute. (Int +4) [Jiyva's
                  | grace]
  7620 | D:10     | Gained mutation: Your tail ends in a venomous barb.
                  | [Jiyva's grace]
  7620 | D:10     | Gained mutation: Your tail ends in a sharp venomous barb.
                  | [Jiyva's grace]
  8286 | D:11     | Noticed a six-headed hydra
  8298 | D:11     | Killed a six-headed hydra
  8319 | D:11     | Found a staircase to the Orcish Mines.
  8397 | D:11     | Reached skill level 12 in Fighting
  8798 | Orc:1    | Entered Level 1 of the Orcish Mines
  8870 | Orc:2    | Entered Level 2 of the Orcish Mines
  8870 | Orc:2    | Found a staircase to the Elven Halls.
  8974 | Orc:2    | Noticed an orc sorcerer
  8977 | Orc:2    | Killed an orc sorcerer
  8978 | Orc:2    | Noticed an ettin
  8992 | Orc:2    | Killed an ettin
  9190 | Orc:2    | Noticed an orc knight
  9205 | Orc:1    | Lost mutation: Your mind is very acute. (Int +4) [Jiyva's
                  | grace]
  9205 | Orc:1    | Lost mutation: Your flesh is cold resistant. (rC+) [Jiyva's
                  | grace]
  9205 | Orc:1    | Lost mutation: Armour fits poorly on your massive
                  | pseudopods. [Jiyva's grace]
  9205 | Orc:1    | Gained mutation: You are covered in fur. (AC +1) [Jiyva's
                  | grace]
  9205 | Orc:1    | Gained mutation: You are covered in thick fur. (AC +2)
                  | [Jiyva's grace]
  9205 | Orc:1    | Gained mutation: Your thick and shaggy fur keeps you warm.
                  | (AC +3, rC+) [Jiyva's grace]
  9205 | Orc:1    | Gained mutation: You have a pair of small antennae on your
                  | head. [Jiyva's grace]
  9260 | Orc:1    | Noticed an orc knight
  9283 | Orc:1    | Killed an orc knight
  9550 | Orc:2    | Killed an orc knight
  9556 | Orc:2    | Reached skill level 5 in Dodging
  9693 | Orc:2    | Found Wymur's Antique Weapon Shop.
  9790 | Orc:2    | Noticed an orc sorcerer
  9801 | Orc:2    | Killed an orc sorcerer
  9822 | Orc:2    | Noticed an orc sorcerer
  9838 | Orc:2    | Killed an orc sorcerer
  9839 | Orc:2    | Reached skill level 13 in Fighting
  9849 | Orc:2    | Found Cyirelae's Magic Scroll Shoppe.
  9875 | Orc:2    | Found a radiant altar of Vehumet.
  9876 | Orc:2    | Noticed an orc sorcerer
  9876 | Orc:2    | Noticed an orc sorcerer
  9876 | Orc:2    | Noticed Erolcha
  9886 | Orc:2    | Noticed a sun demon
  9899 | Orc:2    | Killed an orc sorcerer
  9960 | Orc:2    | Noticed an orc knight
  9981 | Orc:2    | Killed an orc sorcerer
  9992 | Orc:2    | Reached XP level 12. HP: 115/115 MP: 12/12
 10156 | Orc:2    | Killed Erolcha
 10158 | Orc:2    | Noticed an ogre mage
 10196 | Orc:2    | Killed an ogre mage
 10244 | Orc:2    | Found Jixkovi's Jewellery Emporium.
 10251 | Orc:2    | Found Niamolaxzo's Antique Armour Shoppe.
 10282 | Orc:2    | Found an ancient bone altar of Kikubaaqudgha.
 10306 | Orc:2    | Found Temo's Distillery.
 10365 | Orc:2    | Acquired 1100 gold pieces
 10373 | Orc:2    | Bought a scroll of acquirement for 936 gold pieces
 10376 | Orc:2    | Acquired a book of Decay
 10416 | Orc:2    | Bought the ring "Lawk" {rC+ Will+ Dex+3} for 702 gold
                  | pieces
 10425 | Orc:2    | Learned a level 4 spell: Dispel Undead
 10432 | Orc:2    | Learned a level 6 spell: Death Channel
 10611 | Lair:1   | Entered Level 1 of the Lair of Beasts
 10724 | Lair:1   | Reached skill level 1 in Spellcasting
 11209 | Lair:1   | Lost mutation: You have a pair of small antennae on your
                  | head. [Jiyva's grace]
 11209 | Lair:1   | Lost mutation: Your tail ends in a sharp venomous barb.
                  | [Jiyva's grace]
 11209 | Lair:1   | Lost mutation: Your tail ends in a venomous barb. [Jiyva's
                  | grace]
 11209 | Lair:1   | Lost mutation: You are very agile. (Dex +4) [Jiyva's grace]
 11209 | Lair:1   | Lost mutation: Your mind is acute. (Int +2) [Jiyva's grace]
 11209 | Lair:1   | Lost mutation: You are strong-willed. (Will+) [Jiyva's
                  | grace]
 11209 | Lair:1   | Lost mutation: Your thick and shaggy fur keeps you warm.
                  | (AC +3, rC+) [Jiyva's grace]
 11209 | Lair:1   | Lost mutation: Armour fits poorly on your large pseudopods.
                  | [Jiyva's grace]
 11209 | Lair:1   | Lost mutation: Armour fits poorly on your pseudopods.
                  | [Jiyva's grace]
 11209 | Lair:1   | Gained mutation: You have sharp fingernails. [Jiyva's
                  | grace]
 11209 | Lair:1   | Gained mutation: You have very sharp fingernails. [Jiyva's
                  | grace]
 11209 | Lair:1   | Gained mutation: You have claws for hands. [Jiyva's grace]
 11209 | Lair:1   | Gained mutation: Armour fits poorly on your pseudopods.
                  | [Jiyva's grace]
 11306 | Lair:1   | Reached skill level 14 in Fighting
 11589 | Lair:2   | Acquired a +6 quick blade
 12341 | Lair:2   | Noticed a death yak
 12356 | Lair:2   | Killed a death yak
 12565 | Lair:3   | Identified the +5 ring mail of Ignis's Benevolence {Harm}
 12635 | Lair:3   | Lost mutation: Your flesh is heat resistant. (rF+) [Jiyva's
                  | grace]
 12635 | Lair:3   | Gained mutation: Your flesh is cold resistant. (rC+)
                  | [Jiyva's grace]
 12635 | Lair:3   | Gained mutation: Your flesh is very cold resistant. (rC++)
                  | [Jiyva's grace]
 12635 | Lair:3   | Gained mutation: Your flesh is almost immune to the effects
                  | of cold. (rC+++) [Jiyva's grace]
 12635 | Lair:3   | Gained mutation: Your mind is acute. (Int +2) [Jiyva's
                  | grace]
 12639 | Lair:3   | Found a staircase to the Snake Pit.
 12848 | Lair:3   | Found a staircase to the Swamp.
 13329 | Lair:4   | Reached XP level 13. HP: 100/125 MP: 13/18
 14030 | Lair:4   | Lost mutation: You have claws for hands. [Jiyva's grace]
 14030 | Lair:4   | Lost mutation: You have very sharp fingernails. [Jiyva's
                  | grace]
 14030 | Lair:4   | Lost mutation: Your flesh is almost immune to the effects
                  | of cold. (rC+++) [Jiyva's grace]
 14030 | Lair:4   | Lost mutation: You are covered in thick fur. (AC +2)
                  | [Jiyva's grace]
 14030 | Lair:4   | Gained mutation: Your melee attacks may engulf your foes in
                  | ooze. [Jiyva's grace]
 14030 | Lair:4   | Gained mutation: You have a small jelly attached to you
                  | that senses nearby items. [Jiyva's grace]
 14030 | Lair:4   | Gained mutation: You have a small jelly attached to you
                  | that may absorb projectiles. [Jiyva's grace]
 14030 | Lair:4   | Gained mutation: You are covered in thick fur. (AC +2)
                  | [Jiyva's grace]
 14586 | Lair:5   | Reached skill level 5 in Spellcasting
 14599 | Lair:5   | Reached skill level 15 in Fighting
 14784 | Lair:5   | Found a staircase to the Slime Pits.
 14804 | Slime:1  | Entered Level 1 of the Pits of Slime
 14849 | Slime:1  | Noticed a quicksilver ooze
 14850 | Slime:1  | Noticed a rockslime
 14876 | Slime:1  | Noticed a rockslime
 14888 | Slime:3  | Noticed an acid blob
 14890 | Slime:3  | Noticed a rockslime
 14891 | Slime:3  | Noticed a rockslime
 14891 | Slime:3  | Noticed a rockslime
 14896 | Slime:4  | Noticed an acid blob
 14900 | Slime:5  | Entered Level 5 of the Pits of Slime
 14900 | Slime:5  | Noticed an acid blob
 14913 | Slime:5  | Found a viscous altar of Jiyva.
 14914 | Slime:5  | Noticed an acid blob
 14914 | Slime:5  | Noticed an acid blob
 14915 | Slime:5  | Noticed an acid blob
 14915 | Slime:5  | Noticed an acid blob
 14918 | Slime:5  | Noticed an acid blob
 14920 | Slime:5  | Got a slimy rune of Zot
 14920 | Slime:5  | Noticed the Royal Jelly
 14920 | Slime:5  | Noticed an acid blob
 14922 | Slime:5  | Got Oval's Disquisition on Burning Stones
 14923 | Slime:5  | Identified the amulet "Nuxkiex" {Acrobat Int+4}
 14926 | Slime:5  | Found the amulet of the Air {Inacc Air Fly rElec RMsl}
 14928 | Slime:5  | Noticed an acid blob
 14928 | Slime:5  | Noticed an azure jelly
 14928 | Slime:5  | Found the +11 plutonium sword {Contam Stlth-}
 14928 | Slime:5  | Noticed an acid blob
 14931 | Slime:5  | Noticed a rockslime
 14940 | Slime:5  | Identified the +7 shortbow of Etiafop {freeze, Str+5 Dex+4}
 14949 | Slime:5  | Identified the +2 battleaxe of Moral Flaws {vorpal, rN+
                  | Str+4}
 14951 | Slime:5  | Identified the amulet of the Amoeba {RegenMP Stlth+}
 14953 | Slime:5  | Identified the +3 plate armour of Hixkaac {rC+}
 14969 | Slime:5  | Noticed a quicksilver ooze
 14970 | Slime:5  | Noticed an azure jelly
 14973 | Slime:5  | Noticed an acid blob
 15037 | Slime:4  | Noticed an acid blob
 15042 | Slime:3  | Noticed an acid blob
 15366 | Lair:6   | Entered Level 6 of the Lair of Beasts
 15402 | Lair:6   | Reached skill level 1 in Long Blades
 15470 | Lair:6   | Found a runed translucent gate.
 15471 | Lair:6   | Found a runed translucent gate.
 15472 | Lair:6   | Found a runed translucent gate.
 15698 | Lair:6   | Lost mutation: Your translucent skin slightly reduces your
                  | foes' accuracy. (Stealth+) [Jiyva's grace]
 15698 | Lair:6   | Lost mutation: You have a small jelly attached to you that
                  | may absorb projectiles. [Jiyva's grace]
 15698 | Lair:6   | Gained mutation: You expend magic power (3 MP) to
                  | strengthen your wands. [Jiyva's grace]
 15698 | Lair:6   | Gained mutation: You possess an exceptional clarity of
                  | mind. [Jiyva's grace]
 15698 | Lair:6   | Gained mutation: You have acidic saliva. [Jiyva's grace]
 15698 | Lair:6   | Gained mutation: You have a small jelly attached to you
                  | that may absorb projectiles. [Jiyva's grace]
 15746 | Lair:6   | Gained mutation: Your large and strong wings let you fly.
                  | [Black Draconian growth]
 15746 | Lair:6   | Reached XP level 14. HP: 130/135 MP: 21/21
 16051 | Lair:6   | Noticed avis's ghost (journeyman HOMo)
 16196 | Lair:6   | Reached skill level 5 in Long Blades
 16355 | Lair:6   | Reached skill level 1 in Transmutations
 16375 | Lair:6   | Got Dufaac's Tome of Warped Transmigration
 16648 | Lair:5   | Killed avis's ghost
 16680 | Lair:5   | Learned a level 5 spell: Manifold Assault
 16688 | Lair:5   | Learned a level 7 spell: Dragon Form
 16887 | D:12     | Reached skill level 1 in Translocations
 17455 | D:12     | Reached skill level 5 in Transmutations
 17573 | D:13     | Found Ykuibek's Weapon Boutique.
 17845 | D:13     | Lost mutation: You are agile. (Dex +2) [Jiyva's grace]
 17845 | D:13     | Lost mutation: Your mind is acute. (Int +2) [Jiyva's grace]
 17845 | D:13     | Lost mutation: Your flesh is very cold resistant. (rC++)
                  | [Jiyva's grace]
 17845 | D:13     | Lost mutation: Armour fits poorly on your pseudopods.
                  | [Jiyva's grace]
 17845 | D:13     | Lost mutation: You have a small jelly attached to you that
                  | senses nearby items. [Jiyva's grace]
 17845 | D:13     | Gained mutation: You passively map a small area around you.
                  | [Jiyva's grace]
 17845 | D:13     | Gained mutation: You passively map the area around you.
                  | [Jiyva's grace]
 17845 | D:13     | Gained mutation: You passively map a large area around you.
                  | [Jiyva's grace]
 17845 | D:13     | Gained mutation: Your thick and shaggy fur keeps you warm.
                  | (AC +3, rC+) [Jiyva's grace]
 18197 | D:14     | Killed from afar by a rakshasa (illusionary)

Illustrated notes

Levels and vault maps discovered:
D:1:      amcnicky_arrival_choice, layout_loops_cross,
          chequers_ecumenical_altar_island
D:2:      wander_river, layout_loops_ring, kennysheep_big_empty_room
D:3:      layout_basic, gammafunk_ghost_cemetery
D:4:      layout_basic, mainiacjoe_overflow_cross_hatched,
          minmay_misc_feat_square, uniq_menkaure, uniq_duvessa
D:5:      layout_cave_pods, amcnicky_altar_gilded, uniq_edmund
D:6:      layout_basic, gammafunk_ghost_abyssal_escape,
          dreamdust_mushroom_princess
D:7:      layout_basic, temple_doors_cd, uniq_pikel
D:8:      layout_cave_pods, mainiacjoe_overflow_big_doors, dpeg_oklobed_lair,
          uniq_joseph
D:9:      layout_stronghold, gammafunk_ghost_hydra_chop, enter_bailey_5
D:10:     layout_stronghold
D:11:     layout_cave_pods, orc_0_dummy
D:12:     layout_irregular_city, kennysheep_generic_room_8
D:13:     layout_cave_pools, kennysheep_windowed_goal
D:14:     layout_roguey, david_vaults_1, gammafunk_ghost_wrathful_warriors,
          serial_bayou_pond_b, nicolae_burly_brawl
Lair:1:   layout_concentric_octagons
Lair:2:   layout_concentric_octagons, beast_lair_carwin_9, grunt_megastairs_3
Lair:3:   layout_chaotic_city, nicolae_swamp_entry_splash_gauntlet,
          dummy_snake_entry, roderic_batcave, grunt_forest_stairs_basic,
          nicolae_quartered_pool_medium
Lair:4:   layout_hall_layers
Lair:5:   layout_small_grid, nicolae_slime_entry_slimehenge
Lair:6:   hangedman_lair_in_review, layout_cave_pods, gammafunk_ghost_necromancy
Slime:1:  layout_caves
Slime:2:  layout_caves
Slime:3:  layout_caves, cheibrodos_slime_lost_civilization_7
Slime:4:  layout_caves, basic_altar
Slime:5
Orc:1:    layout_diamond_mine
Orc:2:    kennysheep_orc_mage_school, layout_caves, serial_shops, shop

Skill      XL: |  1  2  3  4  5  6  7  8  9 10 11 12 13 14 |
---------------+-------------------------------------------+-----
Necromancy     | 1 2 3 5 6 8 10 11 12 13 | 13.6
Fighting       | 4 5 6 8 9 11 13 14 15 | 15.9
Short Blades   | 4 5 6 7 9 10 | 10.0
Dodging        | 5 7 9 |  9.7
Spellcasting   | 3 5 |  5.0
Long Blades    | 4 5 |  5.9
Transmutations | 7 |  7.3
Translocations | 4 |  4.5
Stealth        | |  1.7

Action                   |  1- 3 |  4- 6 |  7- 9 | 10-12 | 13-15 || total
-------------------------+-------+-------+-------+-------+-------++-------
Melee: Dagger            |    86 |   223 |   331 |   659 |   586 ||  1885
       Short sword       |     8 |       |       |       |       ||     8
       Tailslap          |     8 |    31 |    52 |   103 |   139 ||   333
       Punch             |     1 |     3 |     5 |    16 |    15 ||    40
       Pseudopods        |       |       |    25 |   148 |   159 ||   332
       Bite              |       |       |       |     9 |    71 ||    80
       Quick blade       |       |       |       |       |    25 ||    25
Throw: Throwing net      |       |       |     2 |       |       ||     2
 Cast: Death Channel     |       |       |       |     7 |    24 ||    31
       Dispel Undead     |       |       |       |     2 |    20 ||    22
Invok: Slimify           |       |     1 |       |       |       ||     1
       Oozemancy         |       |       |     3 |     5 |     1 ||     9
Evoke: Wand              |       |     1 |       |     1 |       ||     2
  Use: Scroll            |       |     5 |    11 |     8 |     7 ||    31
       Potion            |       |       |       |       |     1 ||     1
 Stab: Sleeping          |     3 |     4 |     4 |    15 |     6 ||    32
       Distracted        |     1 |       |     1 |       |     4 ||     6
Armor: Skin              |    29 |    40 |    70 |   118 |   141 ||   398
Dodge: Dodged            |    53 |    85 |   222 |   340 |   419 ||  1119

Table legend: (Time is in decaauts)
 A = Elapsed time spent in this place.
 B = Non-inter-level travel time spent in this place.
 C = Inter-level travel time spent in this place.
 D = Time resting spent in this place.
 E = Time spent auto-exploring this place.
 F = Levels seen in this place.
 G = Mean time per level.
                   A        B        C        D        E       F      G
               +--------+--------+--------+--------+--------+-----+--------+
         Total |  17448 |  16399 |   1049 |    140 |  12462 |  28 |  623.1 |
       Dungeon |   9800 |   9236 |    564 |    140 |   7044 |  14 |  700.0 |
          Lair |   5598 |   5324 |    274 |      0 |   4428 |   6 |  933.0 |
    Slime Pits |    270 |    192 |     78 |      0 |    125 |   5 |   54.0 |
  Orcish Mines |   1569 |   1436 |    133 |      0 |    852 |   2 |  784.5 |
        Bailey |    209 |    209 |      0 |      0 |     12 |   1 |  209.0 |
               +--------+--------+--------+--------+--------+-----+--------+

Top non-repeatable levels by time:
  Lair:6: 1173 daAuts
   Orc:2: 1166 daAuts
     D:9: 981 daAuts
  Lair:1: 979 daAuts
  Lair:4: 962 daAuts
    D:11: 898 daAuts
     D:8: 893 daAuts
     D:1: 863 daAuts
     D:5: 849 daAuts
  Lair:2: 841 daAuts
  Lair:3: 829 daAuts
  Lair:5: 812 daAuts
    D:10: 808 daAuts
     D:7: 711 daAuts
    D:12: 666 daAuts
